General information
- name: BNet
- type: Ladder team game (AT/RT)
- host: Battle.net
- saver: dogsandhorse.ru
map: UpperKingdom
- players: 6
- length: 66:22
- speed: Fast
- version: 1.26 W3XP
- replay type:

» download(559 KB)
Players
team 1 (loser)
apm-100 (
red | 68 APM | 4540 actions | 66:19)
7 Demon Hunter
3 Mana Burn
3 Evasion
1 Metamorphosis
7 Priestess of the Moon
3 Searing Arrows
2 Trueshot Aura
1 Scout
1 Starfall
5 Keeper of the Grove
3 Entangling Roots
2 Thorns Aura
» actions
| Assign group hotkey | 43 | |
| Basic commands | 182 | |
| Build / train | 128 | |
| Enter build submenu | 48 | |
| Enter hero's abilities submenu | 20 | |
| Give item / drop item | 2 | |
| Remove unit from queue | 1 | |
| Right click | 1964 | |
| Select / deselect | 669 | |
| Select group hotkey | 1213 | |
| Use ability | 270 | |
4540 total
» units
| Wisp | 32 | |
| Archer | 2 | |
| Huntress | 1 | |
| Hippogryph | 10 | |
| Chimaera | 4 | |
| Glaive Thrower | 6 | |
| Dryad | 9 | |
| Peon | 7 | |
71 total
» upgrades
| Strength of the Wild | 3 | |
| Reinforced Hides | 3 | |
| Ultravision | 1 | |
| Corrosive Breath | 1 | |
| Abolish Magic | 1 | |
| Druid of the Claw Training | 2 | |
| Well Spring | 1 | |
| Strength of the Moon | 2 | |
| Moon Armor | 1 | |
| Vorpal Blades | 1 | |
| Nature's Blessing | 1 | |
17 total
» buildings
| Altar of Elders | 1 | |
| Moon Well | 7 | |
| Ancient of War | 2 | |
| Hunter's Hall | 1 | |
| Ancient of Wonders | 2 | |
| Tree of Ages | 2 | |
| Ancient of Wind | 1 | |
| Tree of Life | 5 | |
| Tree of Eternity | 1 | |
| Chimaera Roost | 4 | |
| Ancient of Lore | 3 | |
| Ancient Protector | 2 | |
| Watch Tower | 11 | |
| Voodoo Lounge | 1 | |
43 total
» build order
00:11 Altar of Elders
00:20 Moon Well
00:52 Ancient of War
01:34 Moon Well
02:13 Hunter's Hall
03:05 Ancient of Wonders
03:42 Ancient of Wonders
04:05 Tree of Ages
05:39 Moon Well
07:43 Moon Well
07:57 Ancient of Wind
08:44 Tree of Life
09:33 Moon Well
10:13 Tree of Eternity
10:23 Moon Well
12:43 Chimaera Roost
12:45 Chimaera Roost
12:46 Chimaera Roost
12:48 Chimaera Roost
13:24 Tree of Life
20:37 Ancient of Lore
20:39 Ancient of Lore
20:41 Ancient of Lore
20:45 Moon Well
22:35 Tree of Life
25:18 Ancient of War
33:33 Tree of Ages
49:26 Tree of Life
54:38 Tree of Life
58:18 Ancient Protector
58:20 Ancient Protector
61:14 Watch Tower
61:26 Watch Tower
61:57 Watch Tower
61:58 Watch Tower
62:33 Watch Tower
62:37 Watch Tower
62:40 Watch Tower
62:44 Watch Tower
64:44 Watch Tower
64:46 Watch Tower
64:59 Voodoo Lounge
65:52 Watch Tower
» items
| Orb of Venom | 2 | |
| Scroll of Town Portal | 4 | |
| Staff of Preservation | 1 | |
| Dust of Appearance | 4 | |
| Anti-magic Potion | 1 | |
| Orb of Lightning | 1 | |
| Potion of Mana | 1 | |
14 total
Kalin (
teal | 115 APM | 6654 actions | 57:51)
6 Death Knight
3 Death Coil
2 Unholy Aura
1 Animate Dead
6 Lich
3 Frost Nova
2 Dark Ritual
1 Death and Decay
» actions
| Assign group hotkey | 44 | |
| Basic commands | 47 | |
| Build / train | 86 | |
| ESC pressed | 3 | |
| Enter build submenu | 28 | |
| Enter hero's abilities submenu | 13 | |
| Give item / drop item | 1 | |
| Right click | 2183 | |
| Select / deselect | 754 | |
| Select group hotkey | 3276 | |
| Use ability | 218 | |
6654 total
» units
| Acolyte | 17 | |
| Ghoul | 3 | |
| Crypt Fiend | 6 | |
| Obsidian Statue | 12 | |
| Meatwagon | 4 | |
42 total
» upgrades
| Creature Attack | 3 | |
| Burrow | 1 | |
| Destroyer Form | 1 | |
| Web | 1 | |
| Creature Carapace | 3 | |
| Exhume Corpses | 1 | |
10 total
» buildings
| Graveyard | 1 | |
| Crypt | 1 | |
| Ziggurat | 15 | |
| Altar of Darkness | 1 | |
| Tomb of Relics | 1 | |
| Nerubian Tower | 1 | |
| Halls of the Dead | 2 | |
| Black Citadel | 1 | |
| Slaughterhouse | 2 | |
| Sacrificial Pit | 1 | |
| Necropolis | 2 | |
| Spirit Tower | 4 | |
32 total
» build order
00:08 Graveyard
00:10 Crypt
00:39 Ziggurat
00:55 Altar of Darkness
01:43 Tomb of Relics
02:21 Ziggurat
02:34 Nerubian Tower
03:44 Halls of the Dead
03:44 Halls of the Dead
04:16 Ziggurat
05:13 Ziggurat
06:29 Black Citadel
07:38 Slaughterhouse
08:27 Slaughterhouse
08:29 Ziggurat
09:23 Sacrificial Pit
10:16 Necropolis
13:30 Ziggurat
13:31 Ziggurat
13:42 Ziggurat
13:57 Ziggurat
14:01 Ziggurat
14:37 Spirit Tower
14:52 Ziggurat
14:59 Spirit Tower
16:15 Ziggurat
18:07 Spirit Tower
23:43 Ziggurat
32:36 Spirit Tower
37:46 Necropolis
38:03 Ziggurat
38:04 Ziggurat
» items
| Rod of Necromancy | 6 | |
| Potion of Healing | 1 | |
| Scroll of Town Portal | 4 | |
11 total
timesaygoodbye (
green | 78 APM | 4638 actions | 59:24)
6 Blademaster
2 Wind Walk
3 Critical Strike
1 Bladestorm
5 Shadow Hunter
3 Healing Wave
2 Hex
» actions
| Assign group hotkey | 103 | |
| Basic commands | 3 | |
| Build / train | 90 | |
| Enter build submenu | 39 | |
| Enter hero's abilities submenu | 11 | |
| Remove unit from queue | 4 | |
| Right click | 2533 | |
| Select / deselect | 755 | |
| Select group hotkey | 870 | |
| Use ability | 230 | |
4638 total
» units
| Peon | 23 | |
| Grunt | 6 | |
| Raider | 9 | |
| Blue Dragonspawn Meddler | 1 | |
| Wind Rider | 2 | |
| Demolisher | 7 | |
| Troll Batrider | 2 | |
| Troll Witch Doctor | 2 | |
52 total
» upgrades
| Berserker Strength | 1 | |
| Ensnare | 1 | |
| Envenomed Spears | 1 | |
| Burning Oil | 1 | |
| Troll Regeneration | 1 | |
| Berserker Upgrade | 1 | |
| Ranged Weapons | 2 | |
| Pillage | 1 | |
9 total
» buildings
| Altar of Storms | 1 | |
| Orc Burrow | 6 | |
| Barracks | 3 | |
| Voodoo Lounge | 1 | |
| Stronghold | 2 | |
| War Mill | 2 | |
| Great Hall | 4 | |
| Fortress | 2 | |
| Beastiary | 2 | |
| Watch Tower | 22 | |
| Spirit Lodge | 1 | |
46 total
» build order
00:10 Altar of Storms
00:20 Orc Burrow
00:51 Barracks
01:31 Orc Burrow
02:02 Voodoo Lounge
03:23 Stronghold
05:18 Orc Burrow
06:18 War Mill
08:56 Great Hall
09:01 Great Hall
09:34 Fortress
09:38 Beastiary
10:17 Beastiary
11:26 Orc Burrow
12:47 Watch Tower
13:24 Orc Burrow
14:31 Watch Tower
14:35 Watch Tower
15:17 Watch Tower
16:33 Barracks
16:36 Barracks
17:09 Orc Burrow
30:42 Watch Tower
30:49 Watch Tower
31:32 Watch Tower
31:33 Watch Tower
31:35 Watch Tower
31:39 Watch Tower
31:42 Watch Tower
31:43 Watch Tower
32:18 Watch Tower
33:13 Watch Tower
37:08 Spirit Lodge
37:27 Great Hall
43:42 Great Hall
44:53 Watch Tower
44:57 Watch Tower
44:58 Watch Tower
46:18 Watch Tower
46:21 Watch Tower
48:23 War Mill
50:52 Stronghold
54:02 Fortress
56:10 Watch Tower
56:11 Watch Tower
56:13 Watch Tower
» items
| Healing Salve | 3 | |
| Scroll of Speed | 1 | |
| Potion of Healing | 1 | |
| Lesser Clarity Potion | 2 | |
| Dust of Appearance | 1 | |
| Moonstone | 1 | |
9 total
team 2 (winner)
dogsandhorse.ru (
pink | 129 APM | 8568 actions | 66:22)
8 Blademaster
3 Wind Walk
3 Critical Strike
1 Bladestorm
1 Mirror Image
» actions
| Assign group hotkey | 16 | |
| Basic commands | 3 | |
| Build / train | 131 | |
| Enter build submenu | 138 | |
| Enter hero's abilities submenu | 9 | |
| Give item / drop item | 3 | |
| Remove unit from queue | 4 | |
| Right click | 6319 | |
| Select / deselect | 766 | |
| Select group hotkey | 738 | |
| Use ability | 440 | |
8568 total
» units
» upgrades
| Liquid Fire | 1 | |
| Ranged Weapons | 2 | |
3 total
» buildings
| Altar of Storms | 3 | |
| Orc Burrow | 9 | |
| War Mill | 2 | |
| Watch Tower | 91 | |
| Voodoo Lounge | 5 | |
| Stronghold | 6 | |
| Beastiary | 6 | |
| Fortress | 1 | |
| Great Hall | 2 | |
125 total
» build order
00:06 Altar of Storms
00:18 Orc Burrow
00:36 War Mill
01:51 Watch Tower
01:53 Watch Tower
02:05 Voodoo Lounge
02:17 Watch Tower
02:42 Watch Tower
02:55 Watch Tower
03:12 Watch Tower
03:40 Watch Tower
03:47 Watch Tower
03:53 Watch Tower
04:08 Watch Tower
04:09 Watch Tower
04:21 Watch Tower
04:55 Stronghold
04:55 Stronghold
04:55 Stronghold
05:07 Voodoo Lounge
05:12 Watch Tower
05:14 Watch Tower
05:16 Watch Tower
05:20 Orc Burrow
05:21 Orc Burrow
05:32 Watch Tower
06:07 Watch Tower
07:01 Watch Tower
07:06 Watch Tower
07:22 Beastiary
07:32 Watch Tower
07:43 Beastiary
07:46 Watch Tower
07:47 Watch Tower
07:47 Watch Tower
07:54 Voodoo Lounge
07:56 Voodoo Lounge
08:55 Watch Tower
09:07 Watch Tower
09:13 Watch Tower
10:11 Watch Tower
10:43 Watch Tower
10:44 Watch Tower
10:45 Watch Tower
11:48 Watch Tower
11:51 Watch Tower
11:56 Fortress
12:13 Watch Tower
12:40 Watch Tower
13:00 Watch Tower
13:02 Watch Tower
13:03 Watch Tower
13:36 Watch Tower
14:09 Great Hall
14:18 Watch Tower
14:45 Watch Tower
15:10 Watch Tower
15:58 Orc Burrow
16:27 Watch Tower
16:28 Watch Tower
16:31 Watch Tower
17:57 Watch Tower
17:58 Watch Tower
17:59 Watch Tower
18:25 Beastiary
18:28 Beastiary
22:55 Watch Tower
22:57 Watch Tower
22:57 Watch Tower
23:01 Voodoo Lounge
23:15 Watch Tower
23:15 Watch Tower
24:04 Watch Tower
24:05 Watch Tower
24:07 Watch Tower
24:20 Watch Tower
24:21 Watch Tower
24:26 Watch Tower
25:13 Watch Tower
25:19 Watch Tower
25:26 Watch Tower
27:01 Watch Tower
27:02 Watch Tower
27:03 Watch Tower
28:59 Watch Tower
29:00 Watch Tower
29:53 Watch Tower
29:55 Watch Tower
29:55 Watch Tower
34:19 Watch Tower
34:19 Watch Tower
34:21 Watch Tower
34:21 Watch Tower
35:33 Watch Tower
35:41 Watch Tower
36:01 Watch Tower
36:55 Watch Tower
36:58 Watch Tower
37:57 Watch Tower
37:57 Watch Tower
40:13 Watch Tower
40:17 War Mill
40:19 Watch Tower
40:20 Watch Tower
41:52 Altar of Storms
42:03 Watch Tower
42:04 Watch Tower
42:42 Orc Burrow
42:47 Orc Burrow
44:08 Watch Tower
44:09 Watch Tower
44:13 Watch Tower
48:36 Stronghold
49:32 Watch Tower
49:34 Watch Tower
49:49 Watch Tower
53:00 Altar of Storms
54:52 Great Hall
55:22 Orc Burrow
55:30 Orc Burrow
55:32 Orc Burrow
57:38 Stronghold
60:03 Beastiary
60:04 Beastiary
» items
| Healing Salve | 7 | |
| Lesser Clarity Potion | 28 | |
| Orb of Lightning | 5 | |
| Scroll of Town Portal | 3 | |
| Tiny Great Hall | 1 | |
44 total
GaRBLeFUNK (
yellow | 140 APM | 9287 actions | 66:20)
6 Demon Hunter
3 Mana Burn
2 Evasion
1 Metamorphosis
4 Beastmaster
2 Summon Bear
2 Summon Quilbeast
4 Pandaren Brewmaster
2 Breath of Fire
2 Drunken Brawler
» actions
| Assign group hotkey | 10 | |
| Basic commands | 72 | |
| Build / train | 147 | |
| ESC pressed | 18 | |
| Enter build submenu | 58 | |
| Enter hero's abilities submenu | 18 | |
| Give item / drop item | 2 | |
| Remove unit from queue | 8 | |
| Right click | 5141 | |
| Select / deselect | 849 | |
| Select group hotkey | 2516 | |
| Use ability | 447 | |
9287 total
» units
» upgrades
| Nature's Blessing | 1 | |
| Well Spring | 1 | |
| Strength of the Wild | 1 | |
| Reinforced Hides | 1 | |
| Ultravision | 1 | |
5 total
» buildings
| Altar of Elders | 6 | |
| Moon Well | 22 | |
| Tree of Ages | 5 | |
| Tree of Life | 15 | |
| Hunter's Hall | 1 | |
| Ancient of Wonders | 2 | |
| Tree of Eternity | 2 | |
| Ancient Protector | 5 | |
58 total
» build order
00:07 Altar of Elders
00:12 Altar of Elders
00:25 Moon Well
01:31 Moon Well
01:58 Moon Well
02:27 Moon Well
02:51 Moon Well
03:56 Moon Well
03:58 Moon Well
04:56 Moon Well
04:59 Moon Well
05:27 Tree of Ages
05:27 Tree of Ages
05:28 Tree of Ages
06:34 Tree of Life
06:41 Tree of Life
07:38 Hunter's Hall
07:55 Moon Well
08:03 Moon Well
08:44 Moon Well
08:46 Moon Well
09:50 Moon Well
10:11 Ancient of Wonders
10:12 Ancient of Wonders
10:44 Moon Well
12:00 Moon Well
12:03 Moon Well
12:07 Tree of Eternity
12:07 Tree of Eternity
14:18 Ancient Protector
14:51 Moon Well
14:51 Moon Well
15:16 Ancient Protector
16:22 Moon Well
16:23 Moon Well
18:17 Ancient Protector
18:22 Tree of Life
21:49 Altar of Elders
33:40 Tree of Life
34:03 Moon Well
34:56 Tree of Life
35:52 Tree of Life
43:31 Ancient Protector
43:32 Ancient Protector
48:53 Altar of Elders
48:58 Tree of Life
49:21 Tree of Life
49:59 Tree of Life
51:12 Tree of Life
53:31 Tree of Life
54:35 Tree of Ages
54:35 Tree of Ages
57:13 Tree of Life
57:16 Tree of Life
59:46 Tree of Life
60:19 Tree of Life
65:40 Altar of Elders
65:43 Altar of Elders
» items
| Staff of Preservation | 3 | |
| Orb of Lightning | 5 | |
8 total
timg4strok (
orange | 112 APM | 7453 actions | 66:20)
5 Archmage
3 Blizzard
2 Brilliance Aura
5 Mountain King
3 Storm Bolt
2 Bash
5 Paladin
3 Holy Light
1 Divine Shield
1 Devotion Aura
» actions
| Assign group hotkey | 18 | |
| Basic commands | 91 | |
| Build / train | 245 | |
| ESC pressed | 28 | |
| Enter build submenu | 233 | |
| Enter hero's abilities submenu | 15 | |
| Give item / drop item | 4 | |
| Right click | 3363 | |
| Select / deselect | 718 | |
| Select group hotkey | 1872 | |
| Use ability | 865 | |
7453 total
» units
| Peasant | 25 | |
| Dragonhawk Rider | 16 | |
41 total
» upgrades
| Masonry | 3 | |
| Magic Sentry | 1 | |
| Lumber Harvesting | 1 | |
| Armor | 3 | |
| Cloud | 1 | |
| Animal War Training | 1 | |
| Swords | 3 | |
13 total
» buildings
| Farm | 5 | |
| Altar of Kings | 2 | |
| Lumber Mill | 1 | |
| Scout Tower | 333 | |
| Arcane Tower | 2 | |
| Guard Tower | 155 | |
| Keep | 1 | |
| Castle | 1 | |
| Arcane Sanctum | 1 | |
| Arcane Vault | 2 | |
| Town Hall | 1 | |
| Blacksmith | 1 | |
| Barracks | 1 | |
| Gryphon Aviary | 1 | |
507 total
» build order
00:10 Farm
00:17 Altar of Kings
00:28 Lumber Mill
01:02 Scout Tower
01:16 Scout Tower
01:42 Arcane Tower
01:44 Scout Tower
01:47 Arcane Tower
01:52 Scout Tower
02:13 Scout Tower
02:15 Guard Tower
02:15 Guard Tower
02:15 Guard Tower
02:21 Farm
02:35 Guard Tower
03:09 Scout Tower
03:14 Guard Tower
03:16 Scout Tower
03:24 Scout Tower
03:41 Guard Tower
03:42 Scout Tower
03:59 Guard Tower
04:00 Scout Tower
04:04 Scout Tower
04:05 Guard Tower
04:41 Guard Tower
04:43 Scout Tower
04:46 Scout Tower
04:47 Guard Tower
04:50 Scout Tower
04:51 Scout Tower
04:57 Keep
05:02 Guard Tower
05:06 Scout Tower
05:07 Scout Tower
05:12 Guard Tower
05:15 Scout Tower
05:16 Guard Tower
05:18 Scout Tower
05:25 Guard Tower
05:26 Guard Tower
05:49 Guard Tower
06:31 Scout Tower
06:32 Scout Tower
06:33 Scout Tower
06:33 Scout Tower
06:36 Guard Tower
06:38 Scout Tower
06:39 Scout Tower
06:46 Scout Tower
06:46 Scout Tower
07:01 Guard Tower
07:01 Guard Tower
07:02 Guard Tower
07:05 Guard Tower
07:06 Guard Tower
07:11 Scout Tower
07:14 Scout Tower
07:20 Guard Tower
07:33 Guard Tower
07:35 Scout Tower
07:36 Scout Tower
07:36 Guard Tower
07:37 Guard Tower
07:40 Scout Tower
07:42 Guard Tower
08:09 Guard Tower
08:10 Scout Tower
08:11 Scout Tower
08:19 Guard Tower
08:20 Scout Tower
08:21 Scout Tower
08:22 Guard Tower
08:29 Castle
08:32 Arcane Sanctum
08:43 Guard Tower
08:48 Guard Tower
09:00 Guard Tower
09:10 Scout Tower
09:13 Scout Tower
09:16 Scout Tower
09:23 Guard Tower
10:11 Farm
10:12 Guard Tower
10:35 Scout Tower
10:35 Scout Tower
10:41 Scout Tower
10:42 Scout Tower
10:42 Scout Tower
10:43 Scout Tower
10:53 Scout Tower
10:54 Scout Tower
10:57 Scout Tower
10:57 Scout Tower
11:12 Guard Tower
11:12 Guard Tower
11:27 Scout Tower
11:28 Scout Tower
11:32 Guard Tower
11:34 Scout Tower
11:41 Guard Tower
12:17 Scout Tower
12:18 Scout Tower
12:33 Scout Tower
12:34 Scout Tower
12:35 Scout Tower
12:36 Scout Tower
12:54 Arcane Vault
12:55 Arcane Vault
13:00 Guard Tower
13:06 Farm
13:13 Guard Tower
13:50 Guard Tower
13:54 Scout Tower
13:57 Scout Tower
14:03 Guard Tower
14:16 Guard Tower
14:18 Guard Tower
14:28 Guard Tower
14:29 Guard Tower
14:30 Scout Tower
14:49 Scout Tower
15:26 Scout Tower
15:29 Scout Tower
15:56 Guard Tower
15:57 Guard Tower
15:58 Guard Tower
16:02 Scout Tower
16:19 Scout Tower
16:34 Scout Tower
16:48 Guard Tower
16:50 Scout Tower
16:58 Guard Tower
17:12 Scout Tower
17:45 Guard Tower
17:55 Scout Tower
18:08 Town Hall
18:26 Scout Tower
18:32 Scout Tower
19:00 Guard Tower
19:05 Guard Tower
19:30 Scout Tower
19:31 Scout Tower
19:36 Blacksmith
19:41 Barracks
19:43 Gryphon Aviary
20:01 Guard Tower
20:31 Scout Tower
20:43 Scout Tower
20:50 Scout Tower
21:05 Scout Tower
21:10 Guard Tower
21:14 Scout Tower
21:19 Guard Tower
21:21 Scout Tower
21:44 Guard Tower
21:50 Guard Tower
24:18 Farm
25:49 Scout Tower
26:22 Guard Tower
26:44 Scout Tower
27:04 Scout Tower
27:15 Guard Tower
27:44 Scout Tower
28:09 Altar of Kings
28:15 Scout Tower
28:16 Scout Tower
28:17 Scout Tower
28:17 Scout Tower
28:42 Scout Tower
28:43 Scout Tower
28:43 Scout Tower
28:43 Scout Tower
29:41 Guard Tower
29:50 Scout Tower
29:51 Scout Tower
29:52 Scout Tower
29:52 Scout Tower
29:56 Guard Tower
29:57 Scout Tower
29:58 Scout Tower
29:59 Scout Tower
30:00 Scout Tower
30:35 Guard Tower
30:57 Guard Tower
31:00 Scout Tower
31:01 Scout Tower
31:02 Scout Tower
31:03 Scout Tower
31:27 Guard Tower
31:28 Scout Tower
31:29 Scout Tower
31:29 Scout Tower
31:30 Scout Tower
31:32 Scout Tower
31:33 Guard Tower
31:37 Scout Tower
31:39 Scout Tower
32:09 Guard Tower
32:10 Guard Tower
33:27 Guard Tower
33:29 Scout Tower
33:33 Scout Tower
33:34 Scout Tower
33:34 Scout Tower
34:22 Scout Tower
34:22 Scout Tower
34:23 Scout Tower
34:41 Guard Tower
34:43 Scout Tower
34:44 Scout Tower
34:44 Scout Tower
34:44 Scout Tower
34:51 Guard Tower
35:21 Guard Tower
35:25 Scout Tower
35:28 Scout Tower
35:29 Scout Tower
35:41 Guard Tower
35:46 Guard Tower
35:52 Guard Tower
35:52 Guard Tower
35:54 Scout Tower
35:54 Scout Tower
35:55 Guard Tower
35:57 Guard Tower
36:00 Scout Tower
36:00 Scout Tower
36:41 Guard Tower
36:45 Scout Tower
36:45 Scout Tower
36:50 Guard Tower
36:52 Scout Tower
36:52 Scout Tower
37:04 Scout Tower
37:04 Scout Tower
37:05 Scout Tower
37:05 Scout Tower
37:06 Scout Tower
37:20 Guard Tower
37:25 Scout Tower
37:25 Scout Tower
37:30 Scout Tower
37:31 Scout Tower
37:35 Scout Tower
37:47 Guard Tower
37:50 Scout Tower
37:51 Scout Tower
37:51 Scout Tower
37:52 Scout Tower
38:03 Guard Tower
38:19 Guard Tower
38:33 Guard Tower
38:41 Scout Tower
38:42 Scout Tower
38:42 Scout Tower
38:43 Scout Tower
38:43 Scout Tower
38:44 Scout Tower
38:45 Scout Tower
38:45 Scout Tower
38:46 Scout Tower
38:46 Scout Tower
38:47 Scout Tower
38:48 Scout Tower
38:49 Scout Tower
38:49 Scout Tower
38:50 Scout Tower
38:50 Scout Tower
38:51 Scout Tower
38:54 Guard Tower
38:57 Scout Tower
39:34 Guard Tower
39:47 Guard Tower
40:11 Guard Tower
40:17 Scout Tower
40:18 Scout Tower
40:18 Scout Tower
40:19 Scout Tower
40:20 Scout Tower
40:21 Scout Tower
40:22 Scout Tower
40:22 Scout Tower
40:23 Scout Tower
40:24 Guard Tower
40:29 Scout Tower
40:29 Scout Tower
40:30 Scout Tower
40:31 Scout Tower
40:59 Guard Tower
40:59 Guard Tower
41:01 Scout Tower
41:01 Scout Tower
41:17 Guard Tower
41:17 Guard Tower
41:30 Scout Tower
41:30 Scout Tower
41:41 Scout Tower
41:41 Scout Tower
41:43 Guard Tower
41:43 Guard Tower
41:43 Guard Tower
41:56 Guard Tower
41:57 Guard Tower
42:06 Guard Tower
42:42 Guard Tower
45:12 Scout Tower
45:13 Scout Tower
45:14 Scout Tower
45:14 Scout Tower
45:16 Scout Tower
45:17 Scout Tower
45:17 Scout Tower
45:18 Scout Tower
45:48 Guard Tower
45:48 Guard Tower
46:18 Guard Tower
46:21 Scout Tower
46:21 Scout Tower
46:22 Scout Tower
46:47 Guard Tower
49:14 Scout Tower
49:14 Scout Tower
49:14 Scout Tower
49:16 Scout Tower
49:17 Scout Tower
49:17 Scout Tower
50:27 Guard Tower
50:28 Scout Tower
50:28 Scout Tower
50:28 Scout Tower
50:29 Scout Tower
50:29 Scout Tower
50:30 Scout Tower
50:30 Scout Tower
50:31 Scout Tower
50:31 Scout Tower
50:56 Scout Tower
50:56 Scout Tower
50:58 Scout Tower
50:58 Scout Tower
50:58 Scout Tower
50:59 Scout Tower
50:59 Scout Tower
50:59 Scout Tower
51:01 Scout Tower
51:01 Scout Tower
51:02 Scout Tower
51:02 Scout Tower
51:03 Scout Tower
51:03 Scout Tower
51:04 Scout Tower
51:04 Scout Tower
51:05 Scout Tower
51:10 Guard Tower
51:50 Guard Tower
51:51 Guard Tower
51:59 Guard Tower
52:05 Guard Tower
52:07 Scout Tower
52:07 Scout Tower
52:08 Scout Tower
52:09 Guard Tower
53:15 Guard Tower
53:17 Scout Tower
53:17 Scout Tower
53:18 Scout Tower
53:19 Scout Tower
53:20 Scout Tower
53:20 Scout Tower
53:21 Scout Tower
53:22 Scout Tower
53:22 Scout Tower
53:23 Scout Tower
53:23 Scout Tower
53:33 Guard Tower
54:06 Guard Tower
54:34 Guard Tower
54:39 Guard Tower
55:27 Guard Tower
56:10 Guard Tower
56:13 Scout Tower
56:13 Scout Tower
56:15 Scout Tower
56:47 Guard Tower
57:00 Scout Tower
57:01 Scout Tower
57:36 Guard Tower
58:23 Scout Tower
58:24 Scout Tower
58:24 Scout Tower
58:25 Scout Tower
58:26 Scout Tower
58:26 Scout Tower
58:26 Scout Tower
58:26 Scout Tower
58:27 Scout Tower
58:27 Scout Tower
58:28 Scout Tower
58:28 Scout Tower
58:28 Scout Tower
58:29 Scout Tower
58:29 Scout Tower
58:29 Scout Tower
58:30 Scout Tower
58:30 Scout Tower
59:00 Guard Tower
59:01 Guard Tower
59:07 Guard Tower
59:19 Scout Tower
59:20 Scout Tower
59:21 Scout Tower
59:21 Scout Tower
59:23 Scout Tower
59:24 Scout Tower
59:25 Scout Tower
59:37 Scout Tower
59:38 Scout Tower
59:39 Scout Tower
59:40 Scout Tower
59:42 Scout Tower
59:42 Scout Tower
59:48 Guard Tower
59:51 Scout Tower
59:51 Scout Tower
59:51 Scout Tower
59:52 Scout Tower
59:55 Guard Tower
59:56 Scout Tower
59:57 Scout Tower
59:58 Guard Tower
60:02 Scout Tower
60:03 Scout Tower
60:20 Guard Tower
60:25 Scout Tower
60:28 Scout Tower
60:36 Scout Tower
60:59 Guard Tower
61:00 Guard Tower
61:02 Scout Tower
61:03 Scout Tower
61:03 Scout Tower
61:03 Scout Tower
61:04 Scout Tower
61:04 Scout Tower
61:39 Guard Tower
61:39 Guard Tower
61:39 Guard Tower
61:55 Scout Tower
61:55 Scout Tower
61:57 Scout Tower
61:57 Scout Tower
61:58 Scout Tower
61:59 Scout Tower
62:00 Scout Tower
62:01 Guard Tower
62:06 Scout Tower
62:06 Scout Tower
62:07 Scout Tower
62:07 Scout Tower
62:08 Scout Tower
62:20 Guard Tower
62:20 Guard Tower
62:22 Guard Tower
62:22 Guard Tower
62:23 Guard Tower
62:29 Scout Tower
62:29 Scout Tower
62:30 Scout Tower
62:30 Scout Tower
62:30 Scout Tower
63:14 Guard Tower
63:31 Guard Tower
63:32 Guard Tower
63:32 Guard Tower
63:36 Scout Tower
63:36 Scout Tower
63:53 Guard Tower
63:56 Guard Tower
63:57 Scout Tower
63:58 Scout Tower
64:15 Guard Tower
64:19 Scout Tower
64:20 Scout Tower
64:35 Guard Tower
65:04 Guard Tower
65:08 Scout Tower
65:09 Scout Tower
65:18 Scout Tower
65:22 Scout Tower
65:38 Scout Tower
65:39 Scout Tower
65:40 Scout Tower
65:42 Scout Tower
» items
| Potion of Healing | 3 | |
| Orb of Lightning | 3 | |
| Healing Salve | 1 | |
| Lesser Clarity Potion | 1 | |
| Staff of Sanctuary | 2 | |
| Scroll of Town Portal | 1 | |
11 total
Chat log
(05:08 / All) dogsandhorse.ru: lol
(16:09 / All) dogsandhorse.ru: lol
(57:56 / All) GaRBLeFUNK: gg
(57:58 / All) dogsandhorse.ru: gg
(58:00 / All) dogsandhorse.ru: clan towa #1
(58:06 / All) timesaygoodbye: U LOSE
(58:08 / All) dogsandhorse.ru: lol!
(59:25 / All) dogsandhorse.ru: bye
(59:37 / All) dogsandhorse.ru: time say....goodbye
(60:32 / All) dogsandhorse.ru: lol
(60:34 / All) dogsandhorse.ru: leave game now
(60:54 / All) dogsandhorse.ru: lol
(61:02 / All) GaRBLeFUNK: GG
(61:03 / All) GaRBLeFUNK: GG
(64:26 / All) dogsandhorse.ru: bye
(65:18 / All) dogsandhorse.ru: hahahahahahha still towering
(65:20 / All) dogsandhorse.ru: jhahahahahahahah
(65:30 / All) dogsandhorse.ru: where is demon hunter?????
(65:33 / All) dogsandhorse.ru: in a stinky eurograve
(66:11 / All) dogsandhorse.ru: quit
(66:12 / All) dogsandhorse.ru: the game